 Dungeon Crawl Stone Soup version 0.29.1-15-g9cfb28693d (webtiles) character file.

Game seed: 1307377059729243599

1232 leafyfresh the Covert (level 8, -3/58 HPs)
             Began as an Octopode Delver on Mar 12, 2023.
             Was an Initiate of Ashenzari.
             Killed from afar by an orc wizard (5 damage)
             ... with a magic dart
             ... on level 6 of the Dungeon.
             The game lasted 00:10:33 (5511 turns).

leafyfresh the Covert (Octopode Delver)             Turns: 5511, Time: 00:10:34

Health: -3/58      AC:  1    Str: 11    XL:     8   Next: 48%
Magic:  8/8        EV: 19    Int: 14    God:    Ashenzari [......]
Gold:   380        SH:  0    Dex: 14    Spells: 7/7 levels left

rFire   . . .      SeeInvis .   a - +0 short sword
rCold   . . .      Faith    .   (no shield)
rNeg    . . .      Spirit   .   (helmet restricted)
rPois   .          Reflect  .   y - amulet of regeneration
rElec   .          Harm     .   B - +4 ring of evasion
rCorr   .          Rampage  .   (no ring)
Will    .....                   (no ring)
Stlth   +++++.....              (no ring)
HPRegen 0.99/turn               (no ring)
MPRegen 0.11/turn               (no ring)
                                (no ring)
                                (no ring)

@: no status effects
A: almost no armour, amphibious, 8 rings, camouflage 1, gelatinous body 1,
(nimble swimmer 1), tentacles
a: Renounce Religion, Curse Item


You were on level 6 of the Dungeon.
You worshipped Ashenzari.
Ashenzari was noncommittal.
You visited 2 branches of the dungeon, and saw 7 of its levels.

You collected 380 gold pieces.

Inventory:

Hand Weapons
 a - a +0 short sword (weapon)
Missiles
 u - 6 datura-tipped darts (quivered)
 v - 4 poisoned darts
Jewellery
 y - an amulet of regeneration (around mantle)
 A - an amulet of reflection
 B - a +4 ring of evasion (left tentacle)
Wands
 f - a wand of digging (3)
 t - a wand of polymorph (7)
 w - a wand of charming (11)
 x - a wand of mindburst (15)
Scrolls
 b - 2 scrolls of fog
 d - a scroll of fear
 h - 3 scrolls of noise {unknown}
 i - 2 scrolls of amnesia {unknown}
 k - a scroll of summoning {unknown}
 m - 5 scrolls of identify {unknown}
 o - a scroll of acquirement {unknown}
 p - a scroll of blinking {unknown}
 q - 2 scrolls of teleportation {unknown}
 r - 2 scrolls of torment {unknown}
 s - 3 scrolls of poison {unknown}
 C - a scroll of brand weapon {unknown}
 F - a scroll of magic mapping
Potions
 c - a potion of mutation {unknown}
 e - 3 potions of haste
 g - 3 potions of heal wounds {unknown}
 j - 5 potions of curing {unknown}
 l - 3 potions of berserk rage {unknown}
 n - a potion of invisibility {unknown}
 z - a potion of flight {unknown}
 D - a potion of degeneration {unknown}
 E - a potion of attraction {unknown}


   Skills:
 + Level 6.5 Fighting
 - Level 2.0 Short Blades
 + Level 6.1 Dodging
 - Level 10.2 Stealth


You had 7 spell levels left.
You didn't know any spells.
Your spell library contained the following spells:

 Spells                   Type           Power      Damage    Failure   Level
 Magic Dart               Conj           0%         1d3       28%         1
 Blink                    Tloc           0%         N/A       41%         2
 Call Imp                 Summ           0%         N/A       41%         2
 Ensorcelled Hibernation  Hex/Ice        0%         N/A       41%         2
 Static Discharge         Conj/Air       0%         3-3/arc   41%         2
 Confusing Touch          Hex            0%         N/A       65%         3
 Gell's Gravitas          Tloc           0%         N/A       65%         3
 Inner Flame              Hex/Fire       0%         N/A       65%         3
 Lesser Beckoning         Tloc           0%         N/A       65%         3
 Mephitic Cloud           Conj/Pois/Air  0%         N/A       65%         3
 Summon Guardian Golem    Hex/Summ       0%         N/A       65%         3
 Teleport Other           Tloc           0%         N/A       65%         3
 Cause Fear               Hex            0%         N/A       96%         4
 Dispel Undead            Necr           0%         3d6       96%         4
 Sticky Flame             Conj/Fire      0%         2d3       96%         4
 Manifold Assault         Tloc           0%         N/A       100%        5
 Summon Mana Viper        Hex/Summ       0%         N/A       100%        5
 Orb of Destruction       Conj           0%         9d5       100%        7
 Spellforged Servitor     Conj/Summ      0%         N/A       100%        7
 Discord                  Hex            0%         N/A       100%        8


Dungeon Overview and Level Annotations

Branches:
Dungeon (6/15)             Temple (1/1) D:4

Altars:
Ashenzari
Cheibriados
Dithmenos
Fedhas
Gozag
Makhleb
Nemelex Xobeh
Okawaru
Qazlal
Ru
Sif Muna
Trog
Uskayaw
Wu Jian
Xom
Yredelemnul
The Shining One

Shops:
D:2 =


Innate Abilities, Weirdness & Mutations

You cannot wear most types of armour.
You are amphibious.
You can wear up to eight rings at the same time.
Your skin changes colour to match your surroundings (Stealth+).
Your rubbery body absorbs attacks. (AC +1, EV +1)
((You are camouflaged when in or above water. (Stealth+)))
You have tentacles for arms and can constrict up to eight enemies at once.


Message History

You're too confused to move!
Something hits you.
You bump into the rock wall.
Something hits you.
You bump into the rock wall.
Something barely misses you.
You hit something. Your squeeze misses something.
You hear some strange, mumbled words.
A magic dart appears from out of thin air!
The magic dart hits you!
You're too confused to move!
You hear some strange, mumbled words.
A puff of flame appears from out of thin air!
The puff of flame hits you!
You bump into the rock wall.
You hear some strange, mumbled words.
A magic dart appears from out of thin air!
The magic dart hits you!
* * * LOW HITPOINT WARNING * * *
You're too confused to move!
You feel less confused.
You hear some strange, mumbled words.
A magic dart appears from out of thin air!
The magic dart hits you!
* * * LOW HITPOINT WARNING * * *
You hit something but do no damage. Something hits you.
* * * LOW HITPOINT WARNING * * *
You hit something but do no damage.
You hear some strange, mumbled words.
Something tries to affect you, but you resist.
You hit something but do no damage.
You hear some strange, mumbled words.
Something tries to affect you, but you resist.
Unknown command.
Aiming: Mindburst
Press: ? - help, Shift-Dir - straight line Nothing appears to happen.
Something hits you.
* * * LOW HITPOINT WARNING * * *
You hit something. Your squeeze misses something.
You hear some strange, mumbled words.
A magic dart appears from out of thin air!
The magic dart hits you.
You die...

...####... . #....#
...# ..## ###....
##..#
....##.....###...#####
.............##..##...
............###.......
.......#.....##..#...#
###)#.[.###.>#...#
#@#.o...)........#
##{.#....##.......
#.##..!..####.....
...?...............
..##...?....##.......
... ###..###..##.###..
.. ##.. #.......... .
... ........§§. ..♣
......♣P.♣


There were no monsters in sight!

Vanquished Creatures
  A water moccasin (D:5)
  2 black bears (D:6)
  2 centaurs
  A phantom (D:5)
  Blork the orc (D:4)
  A bullfrog (D:6)
  A scorpion (D:5)
  A jelly (D:6)
  2 orc priests
  Jessica (D:3)
  3 iguanas (D:6)
  Natasha (thrice) (D:3)
  2 orc wizards (D:3)
  5 adders
  2 river rats (D:6)
  A white imp (D:6)
  2 ufetubi
  A worm (D:4)
  2 dart slugs (D:1)
  11 orcs
  7 ball pythons
  6 bats
  11 endoplasms
  4 giant cockroaches
  7 goblins
  5 hobgoblins
  12 jackals
  6 kobolds
  6 quokkas
  3 frilled lizards (D:1)
  A goblin zombie (D:4)
  4 rats
  A rat zombie (D:4)
118 creatures vanquished.

Vanquished Creatures (others)
  7 plants (D:6)
7 creatures vanquished.

Grand Total: 125 creatures vanquished

Notes
Turn   | Place    | Note
-------+----------+-------------------------------------------
     0 | D:5      | leafyfresh the Octopode Delver began the quest for the Orb.
     0 | D:5      | Reached XP level 1. HP: 16/16 MP: 1/1
    17 | D:5      | Noticed a centaur
    22 | D:5      | Killed a centaur
    23 | D:5      | Reached skill level 7 in Stealth
    23 | D:5      | Reached XP level 2. HP: 18/22 MP: 2/2
    23 | D:5      | Reached XP level 3. HP: 22/27 MP: 3/3
    23 | D:5      | Reached XP level 4. HP: 27/33 MP: 4/4
   192 | D:5      | Found a blossoming altar of Fedhas.
   192 | D:5      | Noticed a phantom
   350 | D:3      | Noticed Jessica
   353 | D:3      | Killed Jessica
   354 | D:3      | Reached XP level 5. HP: 37/37 MP: 5/5
   682 | D:4      | Noticed Blork the orc
   690 | D:4      | Killed Blork the orc
   691 | D:4      | Reached skill level 8 in Stealth
   831 | D:4      | Identified the +6 quarterstaff of Greatest Utility {flame,
                  | Drain rPois rC+}
   944 | D:4      | Found a bloodstained altar of Trog.
   985 | D:4      | Found a staircase to the Ecumenical Temple.
  1004 | Temple   | Entered the Ecumenical Temple
  1296 | D:4      | Found a broken altar of Ashenzari.
  1434 | D:4      | Found a glowing golden altar of the Shining One.
  1583 | D:4      | Found an ornate altar of the Wu Jian Council.
  1854 | D:4      | Became a worshipper of Ashenzari the Shackled
  2156 | D:5      | Noticed a water moccasin
  2160 | D:5      | Reached XP level 6. HP: 44/44 MP: 6/6
  2280 | D:2      | Found Teder's Jewellery Shoppe.
  3175 | D:2      | Found a bloodstained altar of Trog.
  3720 | D:1      | Got the Secrets of Alluring Translocation
  4190 | D:1      | Noticed a shining eye
  4201 | D:1      | Found a faded altar of an unknown god.
  4203 | D:1      | Noticed an eye of devastation
  4205 | D:1      | Noticed a shining eye
  4205 | D:1      | Noticed a golden eye
  4211 | D:1      | Reached skill level 5 in Fighting
  4385 | D:3      | Noticed Natasha
  4568 | D:3      | Killed Natasha
  4569 | D:3      | Reached XP level 7. HP: 34/50 MP: 7/7
  4660 | D:3      | Noticed Natasha
  4667 | D:3      | Reached skill level 9 in Stealth
  4686 | D:3      | Killed Natasha
  4911 | D:3      | Noticed Natasha
  4917 | D:3      | Killed Natasha
  5175 | D:5      | Reached skill level 5 in Dodging
  5355 | D:6      | Reached XP level 8. HP: 57/57 MP: 8/8
  5395 | D:6      | Reached skill level 10 in Stealth
  5506 | D:6      | HP: 2/58 [something/magic dart (11)]
  5511 | D:6      | Killed from afar by an orc wizard

Illustrated notes

Levels and vault maps discovered:
D:1:      dpeg_arrival_radiant, layout_loops_corners,
          hellmonk_ecumenical_altar_watching_god, minmay_ruptured
D:2:      layout_basic, serial_shops, nicolae_shop_advertising_works
          [nicolae_subvault_shop_adworks], basic_altar
D:3:      layout_basic, nrook_campfire, uniq_jessica, uniq_natasha
D:4:      layout_cave_pods, nicolae_tso_swordbearing_angel,
          nzn_wu_jian_contemplation, general_overflow_altar, trog_book,
          minmay_temple_entry_junction, enter_ossuary_4, uniq_blork_the_orc
D:5:      layout_loops_ring, fedhas_altar_2
D:6:      wad_woods_stonehenge, layout_cave_pools,
          mainiacjoe_overflow_surrounded_room, elyvilon_altar_3,
          nrook_pool_corridor, minmay_misc_feat_square
Temple:   nicolae_temple_bog_church

Skill      XL: |  1  2  3  4  5  6  7  8 |
---------------+-------------------------+-----
Dodging        | 3 4 5 6 |  6.1
Stealth        | 7 8 9 10 | 10.2
Fighting       | 4 5 6 |  6.5
Short Blades   | |  2.0

Action                   |  1- 3 |  4- 6 |  7- 9 || total
-------------------------+-------+-------+-------++-------
Melee: Short sword       |     3 |   168 |   131 ||   302
       Tentacles         |     1 |    28 |    34 ||    63
       Constrict         |       |    34 |    18 ||    52
       Punch             |       |     1 |     2 ||     3
Evoke: Wand              |       |       |     1 ||     1
  Use: Scroll            |       |     2 |       ||     2
 Stab: Sleeping          |     1 |    39 |     3 ||    43
Armor: Skin              |       |     9 |     4 ||    13
Dodge: Dodged            |     4 |    86 |    93 ||   183
